[Event "Late-Titled-Tuesday-Blitz-December-26-2023"]
[Site "Chess.com"]
[Date "2023.12.26"]
[Round "4"]
[White "2346PL"]
[Black "Korchmar_Vasiliy"]
[Result "0-1"]
[WhiteElo "2547"]
[BlackElo "2796"]
[TimeControl "180+1"]
[EndTime "14:39:33 PST"]
[Termination "Korchmar_Vasiliy won by resignation"]

1. d4 Nf6 2. Bg5 d5 3. e3 c5 4. Bxf6 gxf6 5. dxc5 e5 6. Nc3 Be6 7. g3 Bxc5 8. Bg2 Bb4 9. Ne2 Nc6 10. O-O Ne7 11. a3 Ba5 12. b4 Bc7 13. Nb5 Bb8 14. c4 a6 15. Nbc3 dxc4 16. Qxd8+ Kxd8 17. Bxb7 Ra7 18.
Rfd1+ Ke8 19. Bf3 f5 20. Nd5 Nxd5 21. Bxd5 Ke7 22. Bxe6 fxe6 23. Rac1 Rc8 24. e4 a5 25. b5 a4 26. b6 Rb7 27. Rb1 Bd6 28. Nc3 Bxa3 29.
Rb5 Rc6 30. exf5 Rbxb6 31. Rxe5 Rb3 32. Nd5+ Kf7 33. Rde1 exd5 34. Rxd5 c3 35. Rd7+ Kf6 36. g4 c2 37. h4 c1=Q 38. Rxc1 Rxc1+ 39. Kg2 Rc2 40. Rxh7 Bc5 41. Rh6+ Ke5 42. Re6+ Kf4 0-1

[Event "Late-Titled-Tuesday-Blitz-December-26-2023"]
[Site "Chess.com"]
[Date "2023.12.26"]
[Round "4"]
[White "laskakid"]
[Black "SCIM"]
[Result "0-1"]
[WhiteElo "2352"]
[BlackElo "2508"]
[TimeControl "180+1"]
[EndTime "14:39:34 PST"]
[Termination "SCIM won on time"]

1. d4 e6 2. c4 d5 3. Nc3 c5 4. cxd5 exd5 5. Nf3 Nc6 6. dxc5 d4 7. Na4 b5 8. cxb6 axb6 9. e3 Bb4+ 10. Bd2 dxe3 11. Bxb4 exf2+ 12. Kxf2 Qxd1 13. Rxd1 Rxa4 14. Bc3 Nge7 15. a3 O-O 16. Bb5 Rf4 17. Rhe1 Be6 18.
Rd6 Rc8 19. Kg1 Rf5 20. Nd4 Nxd4 21. Ba6 Nb5 22. Bxc8 Nxd6 23. Bxe6 fxe6 24. Rxe6 Nec8 25. Bb4 Rd5 26. Kf2 Kf7 27. Re2 Nf5 28. Rc2 Ncd6 29. Rc7+ Ke6 30. g4 Ne7 31. Ra7 g6 32. Ra8 h5 33.
gxh5 Rxh5 34. Kg2 Nd5 35. Rb8 Rg5+ 36. Kf3 Nxb4 37. axb4 Rb5 38. Rg8 Kf7 39. Rd8 Ke7 40.
Rg8 Nf5 41. Rh8 Rxb4 0-1

[Event "Late-Titled-Tuesday-Blitz-December-26-2023"]
[Site "Chess.com"]
[Date "2023.12.26"]
[Round "4"]
[White "rasmussvane"]
[Black "Maitreia"]
[Result "1-0"]
[WhiteElo "2910"]
[BlackElo "2724"]
[TimeControl "180+1"]
[EndTime "14:39:35 PST"]
[Termination "rasmussvane won by resignation"]

1. Nf3 Nf6 2. g3 c5 3. Bg2 g6 4. O-O Bg7 5. c4 Nc6 6. d4 cxd4 7. Nxd4 Nxd4 8. Qxd4 O-O 9. Nc3 d6 10. Qd3 Be6 11.
Be3 Rc8 12. b3 Qd7 13. Bxa7 Bf5 14. Qd2 b5 15. Nxb5 Ne4 16. Bxe4 Bxe4 17. Bd4 f6 18.
f3 Bc6 19. Nc3 h5 20. e4 h4 21. g4 Kh7 22. Qf2 Rh8 23. h3 Kg8 24. f4 e5 25.
Be3 exf4 26. Bxf4 f5 27. Nd5 Bxd5 28. exd5 Bxa1 29. Rxa1 fxg4 30. Re1 Rf8 31. Re6 Qf7 32.
Qc2 Kh7 33. hxg4 Rhg8 34. Re4 Qxf4 35. Rxf4 Rxf4 36. Qe2 Rgf8 37. Kg2 Kh6 38. c5 Kg5 39. cxd6 Rxg4+ 40. Kh2 Rgf4 41. Qe7+ R8f6 42. Qe5+ Kg4 43.
Qe2+ Kg5 44. Qg2+ Rg4 45. Qd2+ Kh5 46. Qe2 Kg5 47. d7 Rd6 48. Qe5+ 1-0

[Event "Late-Titled-Tuesday-Blitz-December-26-2023"]
[Site "Chess.com"]
[Date "2023.12.26"]
[Round "4"]
[White "attack2mateU"]
[Black "MITerryble"]
[Result "0-1"]
[WhiteElo "2712"]
[BlackElo "3031"]
[TimeControl "180+1"]
[EndTime "14:39:35 PST"]
[Termination "MITerryble won on time"]

1. e4 c6 2. Nc3 d5 3. Nf3 g6 4. d4 Bg7 5. Bd3 Nh6 6. O-O f6 7.
Re1 O-O 8. Qe2 e6 9. h3 Nf7 10. Be3 Nd7 11. Rad1 Nb6 12. Bc1 Bd7 13.
Nb1 Re8 14. Nbd2 Nc8 15. c4 Ncd6 16. Qf1 Qc7 17. c5 Nc8 18. exd5 exd5 19. Rxe8+ Bxe8 20. Re1 Bd7 21. Qe2 a5 22. Nf1 b6 23. cxb6 Nxb6 24. Qc2 a4 25. Bd2 Qd6 26. a3 Be6 27. Bb4 Qd7 28. Rc1 Nc4 29. N1d2 Bh6 30. Re1 Ncd6 31.
Nb1 Bf5 32. Nc3 Bxd3 33. Qxd3 Nc4 34. Re7 Qd8 35. Qe2 Bf8 36. Re6 Bxb4 37. axb4 Nfd6 38.
Nh2 Nf5 39. Ng4 Nxd4 40. Nxf6+ Kf7 0-1

[Event "Late-Titled-Tuesday-Blitz-December-26-2023"]
[Site "Chess.com"]
[Date "2023.12.26"]
[Round "4"]
[White "mariofs"]
[Black "Balla_Tamas"]
[Result "1-0"]
[WhiteElo "2202"]
[BlackElo "2428"]
[TimeControl "180+1"]
[EndTime "14:39:35 PST"]
[Termination "mariofs won by checkmate"]

1. d4 d5 2. Bf4 Nf6 3. Nc3 a6 4. e3 e6 5. Nf3 c5 6. Ne5 Nc6 7.
a3 Bd6 8. Qf3 Qc7 9. Nxc6 Qxc6 10. Bxd6 Qxd6 11. Be2 O-O 12. O-O c4 13. Rfd1 b5 14.
e4 dxe4 15. Nxe4 Nxe4 16. Qxe4 Rb8 17. c3 Bb7 18. Qg4 Bd5 19. Re1 a5 20. h4 b4 21.
axb4 axb4 22. Bf3 bxc3 23. bxc3 Rb3 24. Bxd5 exd5 25. Re3 Rfb8 26. g3 Qf6 27. Kg2 h6 28. Ra5 Rb2 29. Qf3 Qg6 30. Rxd5 Qc2 31. Rd7 Rf8 32.
Ree7 Qg6 33. Rc7 Rc2 34. Rxc4 Rc1 35. Rcc7 Ra1 36. c4 Qb1 37. Kh3 Qf1+ 38. Qg2 Qd3 39.
d5 Qf5+ 40. Kh2 Qf6 41. Re2 Qc3 42. d6 Rd8 43. Qd5 Qc1 44. Qxf7+ Kh8 45. Qxg7# 1-0

[Event "Late-Titled-Tuesday-Blitz-December-26-2023"]
[Site "Chess.com"]
[Date "2023.12.26"]
[Round "4"]
[White "vugarrasulov"]
[Black "carokannlover213"]
[Result "1-0"]
[WhiteElo "2920"]
[BlackElo "2679"]
[TimeControl "180+1"]
[EndTime "14:39:36 PST"]
[Termination "vugarrasulov won on time"]

1. d4 d5 2. c4 c6 3. Nc3 Nf6 4.
Nf3 e6 5. g3 dxc4 6. Bg2 b5 7. Ne5 a6 8. O-O Bb7 9. b3 cxb3 10.
axb3 Nfd7 11. Ne4 Be7 12. Qc2 O-O 13. h4 h6 14. Nd3 a5 15. Bd2 Ra7 16. Rfd1 Nf6 17.
Nec5 Ba8 18. Bc3 Nd5 19. Be1 Nd7 20. Nxd7 Qxd7 21. Bxa5 Bb7 22. e4 Nf6 23. Nc5 Qc8 24.
b4 Nd7 25. e5 Bxc5 26. bxc5 Qa8 27. Bc3 Rxa1 28. Rxa1 Qc8 29. Qd2 Rd8 30. Ba5 Nxc5 31.
Qc2 Na6 32. Bxd8 Qxd8 33. Qc3 b4 34. Qc4 Qb6 35. Rb1 g6 36. h5 g5 37. Be4 Kg7 38. Kg2 c5 39. dxc5 Bxe4+ 40. Qxe4 Qxc5 41. Kg1 Qb5 42. Qe3 Nc5 43. Rc1 1-0

[Event "Late-Titled-Tuesday-Blitz-December-26-2023"]
[Site "Chess.com"]
[Date "2023.12.26"]
[Round "4"]
[White "hsd2016"]
[Black "DanylaBagrov"]
[Result "0-1"]
[WhiteElo "2268"]
[BlackElo "2578"]
[TimeControl "180+1"]
[EndTime "14:39:36 PST"]
[Termination "DanylaBagrov won by resignation"]

1. e4 d6 2. d4 Nf6 3. Nc3 e5 4.
dxe5 dxe5 5. Qxd8+ Kxd8 6. Bg5 Bd6 7. O-O-O Be6 8. f3 Nd7 9. Nge2 h6 10. Be3 a6 11.
Ng3 g6 12. Be2 Ke7 13. Rd2 Bc5 14. Bxc5+ Nxc5 15. Rhd1 h5 16. Nf1 c6 17. Ne3 b5 18.
a3 a5 19. Nb1 h4 20. b3 Nh5 21.
Ng4 Bxg4 22. fxg4 Nf4 23. Bf3 b4 24. a4 h3 25. g3 Nfe6 26. Re2 Nd4 27. Re3 Rhd8 28.
Nd2 Rd7 29. Nc4 Ke6 30. Nb6 Rad8 31. Nxd7 Rxd7 32. Be2 g5 33. Bc4+ Kf6 34. Rf1+ Kg6 35. Rfe1 Rd6 36. Bf1 Rf6 37. Bxh3 Rf2 38. Bf1 Nxc2 39.
Bc4 Nxe1 40. Rxe1 Rxh2 41. Rf1 f6 42. Be6 Ra2 43. Bf5+ Kf7 44. Rd1 Ke7 45. Rd2 Nxb3+ 0-1

[Event "Late-Titled-Tuesday-Blitz-December-26-2023"]
[Site "Chess.com"]
[Date "2023.12.26"]
[Round "4"]
[White "TheMagician"]
[Black "thechesscorner64"]
[Result "0-1"]
[WhiteElo "2177"]
[BlackElo "2443"]
[TimeControl "180+1"]
[EndTime "14:39:36 PST"]
[Termination "thechesscorner64 won by checkmate"]

1. c4 e5 2. Nc3 Nc6 3. g3 g6 4.
Bg2 Bg7 5. d3 d6 6. e4 f5 7.
Nge2 Nf6 8. O-O O-O 9. Bg5 h6 10. Bxf6 Bxf6 11. Qd2 Bg7 12. Nd5 Be6 13. b4 Qd7 14. b5 Nd8 15. exf5 gxf5 16. Rab1 c6 17. bxc6 bxc6 18. Nb4 Rc8 19. f4 Nf7 20. Kh1 Kh8 21. Rb3 a5 22. Nc2 a4 23. Rb4 c5 24. Rb7 Rc7 25. Rxc7 Qxc7 26. Nc3 exf4 27. gxf4 Qa5 28. d4 Bxc4 29. Rd1 Rc8 30. a3 Bb3 31. Bd5 cxd4 32. Bxf7 dxc3 33. Qd3 Bxf7 34. Ne3 c2 35. Rc1 Qa8+ 36.
Kg1 Qf3 37. Qd2 Bb2 38. Rxc2 Rg8+ 39. Ng2 Bd5 40. Rxb2 Qxa3 41. Qd4+ Kh7 42. h4 Qf3 43.
Qxd5 Qxd5 44. Kh2 a3 45. Re2 a2 46. Ne3 Qf3 47. Re1 Qxf4+ 48. Kh3 Qg3# 0-1

[Event "Late-Titled-Tuesday-Blitz-December-26-2023"]
[Site "Chess.com"]
[Date "2023.12.26"]
[Round "4"]
[White "koncheto"]
[Black "Alexander_Khlebovich"]
[Result "0-1"]
[WhiteElo "2529"]
[BlackElo "2771"]
[TimeControl "180+1"]
[EndTime "14:39:37 PST"]
[Termination "Alexander_Khlebovich won by resignation"]

1. e4 c5 2. Nf3 d6 3. d4 cxd4 4. Nxd4 Nf6 5. f3 Nc6 6. c4 Qb6 7. Nc2 e6 8. Nc3 Be7 9. b3 O-O 10. Be3 Qa5 11. Qd2 Rd8 12. Be2 d5 13. exd5 exd5 14.
cxd5 Nb4 15. O-O Bf5 16. Nd4 Bg6 17. a3 Nbxd5 18. Nxd5 Qxd5 19. Bc4 Qd7 20. Rfd1 Bc5 21. Bf2 a6 22. a4 Qe7 23. Qb2 Nd5 24. Nf5 Bxf5 25. Rxd5 Rxd5 26. Bxd5 Rd8 27. Bc4 Bb4 28. Qe2 Qxe2 29. Bxe2 Be6 30. Bc4 Bxc4 31. bxc4 a5 32.
g3 f6 33. Rc1 Rd2 34. c5 Ra2 35. Rd1 Rc2 36. Rd8+ Kf7 37. Rd7+ Kg6 38. Rxb7 Bxc5 39. Bxc5 Rxc5 40. Rb5 Re5 41. Kf2 Kf5 42. f4 Rxb5 43. axb5 Ke6 44. Ke3 Kd5 0-1

[Event "Late-Titled-Tuesday-Blitz-December-26-2023"]
[Site "Chess.com"]
[Date "2023.12.26"]
[Round "4"]
[White "KNVB"]
[Black "TEREZANA"]
[Result "1-0"]
[WhiteElo "2717"]
[BlackElo "2508"]
[TimeControl "180+1"]
[EndTime "14:39:37 PST"]
[Termination "KNVB won by checkmate"]

1. d4 d5 2. Bf4 Nf6 3. e3 e6 4. Nf3 Bd6 5. Nbd2 O-O 6. Bd3 b6 7. O-O Bb7 8. a4 c5 9. c3 Bxf4 10. exf4 Qd6 11. g3 Nc6 12. Bb5 a6 13. Bxc6 Bxc6 14.
a5 Rfb8 15. axb6 c4 16. Ra2 Rxb6 17. Qa1 Qb8 18. Ne5 Be8 19. Re1 Nd7 20. Nxd7 Bxd7 21. Nf1 Ra7 22. Ne3 g6 23. Kg2 h5 24. h4 Kg7 25.
Re2 Qb7 26. Nf1 Rb5 27. Nd2 a5 28. Nf3 Qc8 29. Ne5 Rab7 30. Rxa5 Rxa5 31. Qxa5 Be8 32. Qa3 Qb8 33. Nf3 Rb3 34. Qe7 Rb7 35. Qa3 Rb3 36.
Qa1 Qb7 37. Ng5 Qb6 38. Qa8 Qb8 39. Qa5 Rb5 40. Qa3 Rb3 41. Qe7 Rb7 42. Nxe6+ Kg8 43.
Qf8+ Kh7 44. Qg7# 1-0

[Event "Late-Titled-Tuesday-Blitz-December-26-2023"]
[Site "Chess.com"]
[Date "2023.12.26"]
[Round "4"]
[White "chesspreceptor"]
[Black "WindWhistler11"]
[Result "0-1"]
[WhiteElo "2614"]
[BlackElo "2492"]
[TimeControl "180+1"]
[EndTime "14:39:37 PST"]
[Termination "WindWhistler11 won by checkmate"]

1. e4 e6 2. d4 d5 3. Nc3 Bb4 4. exd5 exd5 5. Bd3 Ne7 6. Ne2 Nbc6 7. Bf4 Be6 8. a3 Ba5 9. Qd2 Bb6 10. Na4 Bxd4 11. Nxd4 Nxd4 12. Be5 Ndf5 13. Nc5 Qc8 14. O-O-O O-O 15.
h4 Ng6 16. Bf4 Nxf4 17. Qxf4 b6 18. g4 Nd6 19. Nb3 Qd7 20. h5 f6 21. g5 f5 22. Nd4 c5 23. Nf3 Rae8 24. Ne5 Qc7 25.
h6 g6 26. Nxg6 hxg6 27. Qe5 Kh7 28. Rh4 Re7 29. Re1 c4 30. Be2 Nb5 31. Qe3 d4 32. Qf3 d3 33. Bd1 c3 34. Qxd3 cxb2+ 35. Kxb2 Qc5 36. c3 Qxa3+ 37. Kc2 Qa2+ 38. Kc1 Qa1+ 39.
Kc2 Qa2+ 40. Kc1 Qa1+ 41. Kd2 Na3 42. Ba4 Qb2+ 43. Ke3 Bc4+ 44. Kd4 Rd8+ 45. Bd7 Rdxd7# 0-1

[Event "Late-Titled-Tuesday-Blitz-December-26-2023"]
[Site "Chess.com"]
[Date "2023.12.26"]
[Round "4"]
[White "colegiodemadrid"]
[Black "maracayo"]
[Result "0-1"]
[WhiteElo "2541"]
[BlackElo "2397"]
[TimeControl "180+1"]
[EndTime "14:39:37 PST"]
[Termination "maracayo won on time"]

1. Nf3 d6 2. c4 e5 3. g3 Nf6 4.
Bg2 Be7 5. O-O O-O 6. d4 Nbd7 7.
e3 c6 8. b3 e4 9. Nfd2 d5 10.
Nc3 a6 11. Bb2 b5 12. Rc1 Bb7 13. cxd5 cxd5 14. Ne2 Nb6 15. Nf4 b4 16. f3 a5 17.
fxe4 dxe4 18. Nc4 a4 19. Nh5 axb3 20. axb3 Ra2 21. Ba1 Nfd5 22. Qg4 g6 23. Nf4 Nf6 24. Qd1 Nbd5 25. Rc2 Rxc2 26. Qxc2 Ng4 27. Qe2 Nxf4 28.
Rxf4 f5 29. h3 Nf6 30. g4 Nd5 31. Rf1 Ba6 32. gxf5 gxf5 33. Qf2 Bxc4 34. bxc4 Nc3 35. Qg3+ Kh8 36. d5 Bf6 37. Kh2 Bg7 38. Qh4 Qxh4 0-1

[Event "Late-Titled-Tuesday-Blitz-December-26-2023"]
[Site "Chess.com"]
[Date "2023.12.26"]
[Round "4"]
[White "SilencerBaba"]
[Black "ural58"]
[Result "0-1"]
[WhiteElo "2315"]
[BlackElo "2489"]
[TimeControl "180+1"]
[EndTime "14:39:37 PST"]
[Termination "ural58 won by resignation"]

1. e4 d5 2. exd5 Qxd5 3. Nc3 Qa5 4.
d4 Nf6 5. Nf3 Nc6 6. a3 Ne4 7. Bd3 Nxc3 8. bxc3 Bg4 9. O-O Qxc3 10. Rb1 O-O-O 11. h3 Bxf3 12. Qxf3 Qxd4 13. Qxf7 Qd5 14.
Bf5+ Kb8 15. Be6 Qe5 16. Bf4 Qf6 17. Rfd1 Qxf7 18. Bxf7 e5 19. Bxe5 Rxd1+ 20. Rxd1 Bxa3 21. Bxg7 Rd8 22. Rxd8+ Nxd8 23. Bg8 h5 24. Bf6 Nc6 25.
g4 hxg4 26. h4 Bf8 27. Kg2 a5 28. Kg3 Ne7 29. Bf7 Nf5+ 30. Kxg4 Nh6+ 31. Kg5 Nxf7+ 32. Kg6 Nd6 33. h5 a4 34. h6 Bxh6 35. Kxh6 a3 36. f4 b5 37. Kg6 b4 38. Ba1 c5 39. f5 Kc7 40. Be5 a2 41. f6 Kc6 42. f7 Nxf7 43. Kxf7 c4 44. Ba1 Kd5 45. Ke7 c3 46. Kd7 b3 47. cxb3 c2 0-1

[Event "Late-Titled-Tuesday-Blitz-December-26-2023"]
[Site "Chess.com"]
[Date "2023.12.26"]
[Round "4"]
[White "liczner"]
[Black "Andrej2004"]
[Result "1-0"]
[WhiteElo "2946"]
[BlackElo "2566"]
[TimeControl "180+1"]
[EndTime "14:39:38 PST"]
[Termination "liczner won by resignation"]

1. e4 e5 2. Nf3 Nc6 3. Bb5 a6 4. Bxc6 dxc6 5. O-O f6 6. d4 exd4 7. Nxd4 Bd6 8. Ne2 Qe7 9. Bf4 Nh6 10. Bxd6 cxd6 11.
Nbc3 O-O 12. Qd4 Nf7 13. Ng3 Be6 14. Rad1 Rad8 15. Rfe1 Rfe8 16. f4 Qc7 17. Qf2 Bg4 18. Rc1 Bc8 19. h3 b5 20. a3 a5 21. Rcd1 b4 22. axb4 axb4 23. Nce2 c5 24. Kh2 Bb7 25. Ng1 g6 26. Nf3 Kg7 27. c4 bxc3 28. bxc3 d5 29. exd5 Rxe1 30. Rxe1 Qxf4 31. Re4 Qd6 32. c4 Qc7 33.
Kg1 Nd6 34. Re6 Nxc4 35. Nd2 Qf7 36. Nxc4 Bxd5 37. Rd6 Rb8 38. Ne3 Be6 39. Ne4 Rb1+ 40.
Kh2 c4 41. Qf4 Rb5 42. Rc6 Re5 43. Nd6 Qb7 44. Nxb7 1-0

[Event "Late-Titled-Tuesday-Blitz-December-26-2023"]
[Site "Chess.com"]
[Date "2023.12.26"]
[Round "4"]
[White "ZuraTqebuchava"]
[Black "chessajedrezz2020"]
[Result "0-1"]
[WhiteElo "2179"]
[BlackElo "2779"]
[TimeControl "180+1"]
[EndTime "14:39:39 PST"]
[Termination "chessajedrezz2020 won on time"]

1. e4 e5 2. Nf3 Nc6 3. Bb5 a6 4. Bxc6 dxc6 5. h3 f6 6. d3 Be6 7.
Nc3 Qd7 8. Be3 O-O-O 9. Qd2 b6 10. O-O-O c5 11. Ne1 Ne7 12. f4 Nc6 13. fxe5 fxe5 14.
Nf3 h6 15. Rhf1 Be7 16. Bf2 Rhf8 17. Kb1 Kb7 18. Bg3 Bf6 19. Nh4 Bg5 20. Qe2 Nd4 21. Qe1 Bf6 22. Ng6 Rfe8 23. Nxe5 Bxe5 24. Bxe5 Bxa2+ 25. Nxa2 Rxe5 26. Qg3 Rde8 27. Rf2 R8e7 28. Rdf1 Nb5 29. Rf5 R5e6 30. Nc1 c4 31. Rd5 Qc6 32. dxc4 Qxc4 33. Qd3 Rxe4 34. Qxc4 Rxc4 35. Rd2 Rce4 36. Rfd1 Nd6 37. b3 Re3 38. Rd3 Re1 39. R3d2 Ne4 40. Rxe1 Nxd2+ 0-1

[Event "Late-Titled-Tuesday-Blitz-December-26-2023"]
[Site "Chess.com"]
[Date "2023.12.26"]
[Round "4"]
[White "oskariot"]
[Black "Elsa167"]
[Result "0-1"]
[WhiteElo "2835"]
[BlackElo "2991"]
[TimeControl "180+1"]
[EndTime "14:39:42 PST"]
[Termination "Elsa167 won on time"]

1. e4 c6 2. d4 d5 3. Nd2 dxe4 4. Nxe4 Nf6 5. Nxf6+ exf6 6. Bd3 Bd6 7. Ne2 O-O 8. O-O Re8 9. c4 Nd7 10. Nc3 Nf8 11. Be3 f5 12. Qf3 g6 13. Rad1 f4 14. Bxf4 Bxf4 15. Qxf4 Ne6 16. Qh6 Nxd4 17. Ne4 Nf5 18. Qf4 Kg7 19. c5 Be6 20. Bc4 Qh4 21.
Qxh4 Nxh4 22. Bxe6 Rxe6 23. f3 Nf5 24. Rd7 Re7 25.
Rfd1 Rae8 26. Kf2 b6 27. g4 Rxd7 28. Rxd7 Re7 29. Rd8 Nh6 30. g5 Ng8 31. b4 h6 32.
h4 hxg5 33. hxg5 bxc5 34. bxc5 Re5 35. Rc8 Ne7 36. Rc7 a5 37. Kg3 Kf8 38. Kg4 Rf5 39.
Nf6 Rxc5 40. Ra7 Rc4+ 41. f4 Nd5 42. Nd7+ Ke8 0-1

[Event "Late-Titled-Tuesday-Blitz-December-26-2023"]
[Site "Chess.com"]
[Date "2023.12.26"]
[Round "4"]
[White "nindjaxx8"]
[Black "mbojan"]
[Result "1-0"]
[WhiteElo "2578"]
[BlackElo "2886"]
[TimeControl "180+1"]
[EndTime "14:39:45 PST"]
[Termination "nindjaxx8 won on time"]

1. d4 g6 2. c4 Bg7 3. Nc3 d6 4. e4 e5 5. d5 a5 6. Be3 Na6 7. Be2 Nf6 8. g4 Nc5 9. f3 h5 10. g5 Nh7 11. h4 O-O 12. Qd2 f6 13. O-O-O fxg5 14. hxg5 b6 15. Nh3 Bxh3 16. Rxh3 Qe7 17. Rg1 Rf7 18. Nb5 Raf8 19. Kb1 Rf4 20. Qd1 Kh8 21.
a3 a4 22. Ka2 Qd7 23. Rhg3 Kg8 24. Bxc5 bxc5 25. Qxa4 h4 26. R3g2 h3 27. Rh2 Rh4 28. Qa7 Rf7 29. a4 Qd8 30. Qb7 Nxg5 31. a5 c6 32.
Qxc6 Qxa5+ 33. Kb1 Qd8 34. Nxd6 Rf6 35. Qe8+ Rf8 36.
Qxg6 Rh6 37. Qxg5 Qxg5 38. Rxg5 Rxd6 39. Rxh3 Rf7 40. Bd1 Kf8 41. Ba4 Rh6 42. Rhg3 Rh1+ 43. Ka2 Rh2 44. Rg6 Rd2 45. Re6 Ra7 46. Kb3 Rd3+ 47.
Kc2 Rd4 48. Bb5 Kf7 49. Rg5 Bf6 50. Rf5 Kg7 51. Rfxf6 Rxe4 52. fxe4 Kg8 53. Rg6+ Kh8 54. Rh6+ Kg8 55. Reg6+ Kf8 56. Rh8+ 1-0

[Event "Late-Titled-Tuesday-Blitz-December-26-2023"]
[Site "Chess.com"]
[Date "2023.12.26"]
[Round "4"]
[White "GMKrikor"]
[Black "yosephtaher"]
[Result "1/2-1/2"]
[WhiteElo "2812"]
[BlackElo "2920"]
[TimeControl "180+1"]
[EndTime "14:39:47 PST"]
[Termination "Game drawn by repetition"]

1. Nf3 c5 2. c4 g6 3. d4 cxd4 4. Nxd4 Bg7 5. e4 Nc6 6. Be3 Nf6 7. Nc3 O-O 8. Be2 d6 9. O-O Bd7 10. Nc2 a5 11. Rc1 a4 12. f4 Qa5 13. Kh1 Rfc8 14.
c5 Be6 15. cxd6 exd6 16. Qxd6 Bg4 17. Qd1 Qh5 18. e5 Bxe2 19. Qxe2 Qxe2 20. Nxe2 Nd5 21.
Bd2 f6 22. exf6 Bxf6 23. Nc3 Nce7 24. Ne3 Nb4 25. Ne4 Nbd5 26. Nxd5 Nxd5 27. Nxf6+ Nxf6 28. Kg1 Nd5 29. Kf2 Kf7 30. Kf3 Ne7 31. Rxc8 Rxc8 32. Rc1 Rd8 33. Be3 Nc6 34. a3 h5 35. Rc4 Ra8 36.
g3 Ke6 37. Ke4 Kd6 38. h3 b5 39. Rc2 Re8+ 40. Kf3 Na5 41. Bd4 Nc4 42. Re2 Rf8 43. Ke4 Kc6 44. Kd3 Kd5 45. Bc3 h4 46. Rg2 hxg3 47.
Rxg3 Rxf4 48. Rg5+ Kc6 49. Rxg6+ Kc7 50. Rg5 Kc6 51.
Rg6+ Kb7 52. Rg5 Kc6 53. Rg6+ 1/2-1/2

[Event "Late-Titled-Tuesday-Blitz-December-26-2023"]
[Site "Chess.com"]
[Date "2023.12.26"]
[Round "4"]
[White "BardArtem"]
[Black "Onthequiet"]
[Result "1-0"]
[WhiteElo "2674"]
[BlackElo "2423"]
[TimeControl "180+1"]
[EndTime "14:39:47 PST"]
[Termination "BardArtem won on time"]

1. e4 c6 2. d4 d5 3. e5 Bf5 4. h4 h6 5. g4 Be4 6. f3 Bh7 7. e6 Nf6 8. exf7+ Kxf7 9. f4 Be4 10.
Nf3 Nxg4 11. Rg1 h5 12. Ng5+ Ke8 13. Nc3 Bf5 14. Bd3 Qc8 15. Qe2 g6 16. Bd2 Bg7 17.
O-O-O Bxd4 18. Bxf5 Qxf5 19. Ne6 Bf6 20. Nc7+ Kd7 21.
Nxa8 Na6 22. Na4 Rxa8 23. Kb1 b5 24. Nc3 Nc7 25. Be1 a5 26. Ne4 Ne6 27. Rf1 Kc7 28. Ng3 Nxf4 29. Qd2 Qe5 30. Qxf4 Qxf4 31. Rxf4 Bxh4 32.
Ne2 Bf6 33. Bg3 Kb6 34. Rdf1 b4 35. Nc1 Kb5 36. Nd3 c5 37. Nf2 Ne3 38. Re1 Nf5 39. Nh1 a4 40. Rf3 c4 41. Bf2 g5 42. Rxf5 g4 43.
Rxd5+ Kc6 44. Rxh5 1-0

[Event "Late-Titled-Tuesday-Blitz-December-26-2023"]
[Site "Chess.com"]
[Date "2023.12.26"]
[Round "4"]
[White "topce"]
[Black "Hoshka"]
[Result "1/2-1/2"]
[WhiteElo "2404"]
[BlackElo "2065"]
[TimeControl "180+1"]
[EndTime "14:39:49 PST"]
[Termination "Game drawn by repetition"]

1. c4 e6 2. Nc3 d5 3. d4 dxc4 4. e4 a6 5. a4 Nc6 6. Nf3 Na5 7. Ne5 c5 8. d5 Nb3 9. Ra3 exd5 10.
Nxd5 Nxc1 11. Qxc1 Be6 12. Bxc4 Bd6 13. f4 Bxe5 14.
fxe5 Qh4+ 15. g3 Qxe4+ 16. Kf2 Bxd5 17. Bxd5 Qxd5 18. Rd1 Qc6 19. Qg5 Ne7 20. Qxg7 Rg8 21. Qxh7 Qg6 22. Qxg6 Nxg6 23. Rb3 Rb8 24. Rd6 Ke7 25.
Rdb6 Nxe5 26. Rxb7+ Nd7 27. Re3+ Kd6 28. Rd3+ Kc6 29.
Rbxd7 Rxb2+ 30. Kf3 c4 31. R3d6+ Kc5 32. Rxa6 Rc8 33. Rxf7 c3 34. Raa7 Rxh2 35. Rfc7+ Rxc7 36. Rxc7+ Kb4 37. a5 Ra2 38. g4 Rxa5 39. Rxc3 Kxc3 40. Kf4 Ra1 41. g5 Rg1 42. Kf5 Kd4 43. g6 Kd5 44. Kf6 Kd6 45. g7 Rf1+ 46. Kg6 Rg1+ 47. Kf7 Rf1+ 48.
Kg6 Rg1+ 49. Kf7 Rf1+ 50. Kg6 1/2-1/2

[Event "Late-Titled-Tuesday-Blitz-December-26-2023"]
[Site "Chess.com"]
[Date "2023.12.26"]
[Round "4"]
[White "jcmesafischer"]
[Black "Slovak_fighter2000"]
[Result "0-1"]
[WhiteElo "2326"]
[BlackElo "2497"]
[TimeControl "180+1"]
[EndTime "14:39:50 PST"]
[Termination "Slovak_fighter2000 won on time"]

1. e4 e6 2. Qe2 c5 3. Nf3 Nc6 4. g3 Nf6 5. Bg2 d5 6. d3 Be7 7. Nbd2 O-O 8. O-O b5 9. Re1 Bb7 10. e5 Nd7 11. Nf1 Qc7 12. h4 Rfc8 13. c3 a5 14. N1h2 Bf8 15. h5 h6 16. Bf4 b4 17. g4 Ne7 18. g5 hxg5 19. Bxg5 Nf5 20.
Ng4 bxc3 21. bxc3 Ba6 22. Qd2 Rab8 23. h6 g6 24. Bh3 d4 25. c4 Bb7 26. Bg2 Bc6 27.
Qf4 Qb7 28. Nh4 Bxg2 29. Nxg2 Kh7 30. Qh2 Qf3 31. Qf4 Qxf4 32. Nxf4 Rb2 33. Kg2 Rcb8 34. a4 Rc2 35. Nf6+ Nxf6 36. exf6 Rbb2 37. Nh3 Bxh6 38. Bc1 Bxc1 39. Rexc1 Ne3+ 40. Kf3 Nf5 41. Ng5+ Kg8 42. Ne4 Rxc1 43. Rxc1 Rb3 44. Nxc5 Ra3 45. Rb1 g5 46. Kg4 Ra2 47. Ne4 Kh7 0-1

[Event "Late-Titled-Tuesday-Blitz-December-26-2023"]
[Site "Chess.com"]
[Date "2023.12.26"]
[Round "4"]
[White "Fh2411"]
[Black "slidingknight2775"]
[Result "1-0"]
[WhiteElo "2526"]
[BlackElo "2687"]
[TimeControl "180+1"]
[EndTime "14:39:51 PST"]
[Termination "Fh2411 won by checkmate"]

1. d4 d5 2. c4 e6 3. Nc3 a6 4.
cxd5 exd5 5. Bf4 Nf6 6. e3 Bd6 7. Be5 c6 8. Nf3 O-O 9. h3 Qe7 10. Bd3 Nbd7 11. Bxd6 Qxd6 12. O-O Re8 13. Qc2 g6 14. Rab1 a5 15. a3 b5 16. a4 b4 17. Ne2 Ba6 18. Nf4 Kg7 19. Rbc1 Rec8 20. Bxa6 Rxa6 21. Nd3 Raa8 22. Nfe5 h5 23. Nxd7 Nxd7 24.
Nc5 h4 25. Qe2 f5 26. Nxd7 Qxd7 27. Rc5 Qe6 28. Qf3 Ra6 29. Rfc1 Rca8 30. Qf4 Qf6 31. Qc7+ Kh6 32. Rxc6 Rxc6 33. Rxc6 Qg5 34. Qb7 Rh8 35. Qf7 Rh7 36. Qf8+ Kh5 37. Qg8 Rh6 38. Qf7 f4 39.
exf4 Qxf4 40. Qxf4 g5 41. Rxh6+ Kxh6 42. Qf6+ Kh5 43.
g4+ hxg3 44. fxg3 g4 45. h4 b3 46. Qg5# 1-0

[Event "Late-Titled-Tuesday-Blitz-December-26-2023"]
[Site "Chess.com"]
[Date "2023.12.26"]
[Round "4"]
[White "CarlosjPineror"]
[Black "GothamChess"]
[Result "0-1"]
[WhiteElo "2506"]
[BlackElo "2692"]
[TimeControl "180+1"]
[EndTime "14:39:52 PST"]
[Termination "GothamChess won by resignation"]

1. e4 d5 2. exd5 Qxd5 3. Nc3 Qa5 4. d4 Nf6 5. Nf3 Bf5 6. Ne5 c6 7. Bc4 e6 8. g4 Bg6 9. h4 Nbd7 10. Nxd7 Nxd7 11. h5 Be4 12. O-O Bd5 13. Nxd5 cxd5 14. Bd3 O-O-O 15. Qf3 Bd6 16. Qxf7 Rde8 17. Qf3 Rhf8 18.
Qg2 g6 19. Bh6 Rg8 20. hxg6 hxg6 21. Rae1 g5 22. Qf3 Bf4 23. a3 Re7 24. c4 Rh8 25. cxd5 Rxh6 26. dxe6 Nf6 27. Bf5 Qc7 28. Re2 Kb8 29.
Rc2 Qd8 30. Rd1 Re8 31. d5 Reh8 32. Rd3 a5 33. Kf1 Rh1+ 34. Ke2 Rb1 35. d6 Bxd6 36. Rb3 Nd5 37. Qxd5 Re1+ 38. Kf3 Rh3+ 39. Kg2 Rh2+ 40. Kf3 Rh3+ 41. Kg2 Rxb3 42. Qxb3 Qh8 43. Qh3 Rg1+ 44. Kxg1 Qxh3 45. Rc8+ Ka7 46. Rd8 Bh2+ 0-1